AoeStats
← bryant4f

Yucatan

503266320Analyzed
3v3 RM · 1mo ago on Aug 30, 2026· 49m 56s· 6 players
Game mode
Random Map
Map size
Normal (6 player)
Population
200
Speed
Normal
Resources
Standard
Victory
Conquest
Starting age
Dark Age
Ending age
Imperial Age
RankedLock teamsTeams togetherTeam positionsShared explorationLock speedFull tech treeHidden civsTurbo modeCheats
Victory
Defeat
🇨🇦 Vietnamese · Canada
1105
+17
🇹🇷 Burmese · Türkiye
1077
+18
🇦🇺 Malay · Australia
1055
+19
🇺🇸 Saracens · United States
1129
-18
🇺🇸 Burgundians · United States
1120
-18
🇦🇺 Wu · Australia
1119
-18
Lord Megatron
3:41 Loom
8:28 Loom
11:03 Feudal Age
16:26 Castle Age
14:23 Gold Mining
19:09 Gold Shaft Mining
23:39 Imperial Age
20:57 Town Watch
22:39 Wheelbarrow
23:29 Stone Mining
28:11 Scale Barding Armor
28:19 Forging
29:19 Chain Barding Armor
29:36 Husbandry
29:46 Bloodlines
31:15 Iron Casting
30:39 Cavalier
32:52 Horse Collar
34:04 Manipur Cavalry
35:20 Plate Barding Armor
37:30 Howdah
37:51 Conscription
39:35 Blast Furnace
39:29 Hand Cart
45:26 Gold Shaft Mining
BiggM4k
3:04 Loom
12:02 Feudal Age
13:01 Double-Bit Axe
17:06 Castle Age
20:51 Horse Collar
23:23 Heavy Plow
24:01 Wheelbarrow
24:27 Fletching
30:39 Bodkin Arrow
30:44 Padded Archer Armor
30:48 Gold Mining
31:17 Bow Saw
32:24 Leather Archer Armor
32:53 Ballistics
34:35 Pikeman
42:55 Imperial Age
43:04 Elite Rattan Archer
44:02 Bracer
44:24 Thumb Ring
45:33 Ring Archer Armor
47:28 Chemistry
myne
10:59 Feudal Age
11:11 Loom
15:31 Double-Bit Axe
19:42 Castle Age
19:52 Crossbowman
20:37 Horse Collar
22:15 Town Watch
23:31 Bow Saw
23:28 Heavy Plow
23:54 Elite Skirmisher
24:39 Squires
25:04 Gold Mining
28:03 Wheelbarrow
28:17 Town Patrol
29:41 Thalassocracy
34:17 Imperial Age
31:39 Crossbowman
34:21 Hand Cart
34:40 Crop Rotation
34:19 Pikeman
35:32 Conscription
36:21 Gold Shaft Mining
35:37 Stone Mining
35:53 Arson
37:01 Halberdier
39:38 Ballistics
40:19 Chemistry
40:22 Arbalester
41:54 Thumb Ring
42:37 Stone Shaft Mining
42:27 Imperial Skirmisher
44:03 Fletching
44:24 Forging
44:28 Padded Archer Armor
44:57 Forging
44:45 Bodkin Arrow
45:43 Leather Archer Armor
45:32 Murder Holes
46:42 Iron Casting
45:43 Elite Karambit Warrior
46:51 Bracer
46:57 Bracer
47:28 Ring Archer Armor
47:36 Ring Archer Armor
47:26 Treadmill Crane
bryant4f
5:34 Loom
11:22 Feudal Age
16:35 Castle Age
14:24 Double-Bit Axe
14:31 Gold Mining
18:06 Wheelbarrow
19:26 Hand Cart
23:50 Imperial Age
22:37 Fletching
23:29 Crossbowman
27:29 Padded Archer Armor
27:51 Ballistics
29:43 Bodkin Arrow
29:33 Horse Collar
30:43 Heavy Plow
33:57 Capped Ram
35:37 Bracer
36:46 Arbalester
38:19 Leather Archer Armor
38:40 Town Watch
39:54 Ring Archer Armor
40:03 Thumb Ring
41:47 Masonry
43:19 Gold Shaft Mining
46:27 Bow Saw
46:12 Stone Mining
Felipudy
11:42 Feudal Age
13:07 Double-Bit Axe
16:11 Loom
18:27 Castle Age
17:09 Gold Mining
17:32 Bow Saw
17:51 Horse Collar
20:49 Gold Shaft Mining
19:51 Cavalier
21:14 Scale Barding Armor
23:26 Chain Barding Armor
33:02 Forging
37:22 Husbandry
41:11 Heavy Plow
42:14 Two-Man Saw
46:06 Imperial Age
46:26 Iron Casting
46:32 Crop Rotation
46:17 Stone Mining
48:48 Plate Barding Armor
48:19 Loom
49:09 Wheelbarrow
48:19 Town Watch
48:57 Treadmill Crane
Welcome
7:34 Loom
12:22 Feudal Age
17:23 Castle Age
17:25 Scale Mail Armor
20:01 Wheelbarrow
19:18 Gold Mining
19:14 Double-Bit Axe
21:16 Chain Mail Armor
20:45 Horse Collar
21:31 Bow Saw
22:31 Squires
30:03 Forging
31:43 Hand Cart
36:37 Imperial Age
34:05 Town Watch
34:27 Stone Mining
34:40 Heavy Plow
35:18 Gold Shaft Mining
35:47 Iron Casting
35:04 Fletching
35:36 Town Patrol
38:41 Conscription
37:53 Elite Fire Archer
38:57 Arson
39:44 Plate Mail Armor
39:10 Bodkin Arrow
39:43 Ballistics
40:30 Chemistry
41:19 Red Cliffs Tactics
41:20 Bodkin Arrow
42:27 Blast Furnace
45:05 Bracer
45:08 Padded Archer Armor
45:20 Masonry
46:59 Architecture
49:35 Pikeman
Connection lost

Rejoining the realm…

Still unreachable

The connection could not be restored.

Session expired

The server has moved on; the page needs a fresh start.